 Dungeon Crawl Stone Soup version 0.29.0-4-gdea44cf6ec (webtiles) character file.

Game seed: 4280868021609670246

53 qw the Chopper (level 3, -4/34 HPs)
             Began as a Gargoyle Berserker on Sept 7, 2022.
             Was a Follower of Trog.
             Slain by Grinder (5 damage)
             ... on level 3 of the Dungeon.
             The game lasted 00:00:44 (1772 turns).

qw the Chopper (Gargoyle Berserker)                 Turns: 1772, Time: 00:00:44

Health: -4/34      AC: 11    Str: 22    XL:     3   Next: 89%
Magic:  3/3        EV: 11    Int:  7    God:    Trog [*.....]
Gold:   24         SH:  0    Dex: 11    Spells: 2/2 levels left

rFire   . . .      SeeInvis .   d - +3 war axe "Botoas" {vorpal, Dex+2}
rCold   . . .      Faith    .   (no shield)
rNeg    + . .      Spirit   .   h - +0 ring mail
rPois   inf        Reflect  .   (no helmet)
rElec   +          Harm     .   (no cloak)
rCorr   .          Rampage  .   e - +2 pair of gloves
Will    .....                   (no boots)
Stlth   ..........              (no amulet)
HPRegen 0.11/turn               (no ring)
MPRegen 0.08/turn               (no ring)

@: berserking, very quick
A: sickness immunity, AC +3, negative energy resistance 1, electricity
resistance, torment resistance 1, petrification resistance
a: Renounce Religion, Berserk


You were on level 3 of the Dungeon.
You worshipped Trog.
Trog was aware of your devotion.
You visited 1 branch of the dungeon, and saw 3 of its levels.

You collected 90 gold pieces.
You spent 66 gold pieces at shops.


Innate Abilities, Weirdness & Mutations

You are immune to sickness and miasma.
Your stone body is resilient. (AC +3)
You are immune to poison.
You resist negative energy. (rN+)
You are resistant to electric shocks. (rElec)
You are resistant to unholy torment.
You are immune to petrification.


   Skills:
 - Level 3.2 Fighting
 + Level 4.2 Axes
 - Level 2.1 Armour
 - Level 1.5 Dodging


You had 2 spell levels left.
You didn't know any spells.
Your spell library was empty.

Inventory:

Hand Weapons
 b - a +0 club
 d - the +3 war axe "Botoas" (weapon) {vorpal, Dex+2}
   (You acquired it on level 2 of the Dungeon)

   It inflicts extra damage upon your enemies.
   Dex:       It affects your dexterity (+2).
Armour
 e - a +2 pair of gloves (worn)
 h - a +0 ring mail (worn)
Scrolls
 g - a scroll of identify
Potions
 f - a potion of lignification {unknown}
 i - 2 potions of might {unknown}
 k - a potion of mutation {unknown}
 l - 2 potions of curing

Dungeon Overview and Level Annotations

Branches:
Dungeon (3/15)

Altars:

Shops:
D:3 *?(

Annotations:
D:3 Grinder


Message History

Found a scroll labelled VYTAILO XIRITE.
You barely miss the giant cockroach. The giant cockroach barely misses you.
An endoplasm comes into view.
The giant cockroach bites you but does no damage.
The endoplasm quivers.
You slash the giant cockroach!
You kill the giant cockroach!
Trog accepts your kill.
You slash the endoplasm!
You kill the endoplasm!
Trog accepts your kill.
You feel yourself speed up.
You start resting.
A giant cockroach comes into view.
1715 ||| Stepping ~*~*~tactically~*~*~ (stealth).
You start resting.
You recover from your berserk rage.
Grinder is nearby!
1756 ||| Stepping ~*~*~tactically~*~*~ (stealth).
You start resting.
A giant cockroach is nearby!
1768 ||| Stepping ~*~*~tactically~*~*~ (stealth).
Grinder zaps a wand.
The roots erupt in riotous growth!
The grasping roots grab you! The grasping roots constrict you.
You hear a shout! x3
You escape the roots grasp.
Found a wand of roots (11) and a scroll labelled HUMUCHIEWU.
1771 ||| INVOKING Berserk.
A red film seems to cover your vision as you go berserk!
You feel yourself moving faster!
You feel mighty!
Grinder zaps a wand.
The roots erupt in riotous growth!
The grasping roots grab you! The grasping roots constrict you!
You hear a shout! x2
You escape the roots grasp.
You feel a strong urge to attack something.
Grinder hits you.
You die...

..........#.# .#.
..###^.##..........#
..........##
....B...?. .......\
...... ##.##.#######
#..##........
##.####.#..@5..../.
#.....%.......####.
......###..####
#.#...
...####..\..## #.#
##### #.¤¤~~..# #.
#.¤¤~¤~.# .
#.~¤¤¤¤.# .
#¤~¤¤~~.# ..¤¤~..#


You could see Grinder and a giant cockroach.

Vanquished Creatures
  2 adders (D:2)
  A dart slug (D:1)
  5 endoplasms
  2 giant cockroaches
  4 goblins
  3 hobgoblins
  2 quokkas
  3 ball pythons
  2 bats
  2 frilled lizards
  2 kobolds (D:2)
  4 rats
32 creatures vanquished.

Notes
Turn   | Place    | Note
-------+----------+-------------------------------------------
     0 | D:1      | qw the Gargoyle Berserker began the quest for the Orb.
     0 | D:1      | Reached XP level 1. HP: 14/14 MP: 1/1
     0 | D:1      | 0 ||| qw: Version: 0.1-a-108-g9e35731
     0 | D:1      | 0 ||| qw: Game counter: 6505
     0 | D:1      | 0 ||| qw: Always use a shield: true
     0 | D:1      | 0 ||| qw: Do Orc after D:15 true
     0 | D:1      | 0 ||| qw: Do second Lair branch before Depths: true
     0 | D:1      | 0 ||| qw: Lair rune preference: random
     0 | D:1      | 0 ||| qw: Plans: Normal
     0 | D:1      | 0 ||| PLANNING D:1-11
    70 | D:1      | Reached skill level 3 in Axes
   139 | D:1      | Found a faded altar of an unknown god.
   242 | D:1      | Reached XP level 2. HP: 19/19 MP: 2/2
   875 | D:1      | 875 ||| UPGRADING to +2 pair of gloves.
   880 | D:1      | 880 ||| UPGRADING to +0 ring mail.
   890 | D:1      | 890 ||| DROPPING +0 animal skin.
   891 | D:1      | 891 ||| READING 2 scrolls labelled SUTOBU CAECSU.
   894 | D:1      | 894 ||| READING 2 scrolls labelled QUMEISS TANK.
   895 | D:1      | 895 ||| READING scroll labelled SONWAA HIALAV SUPT.
   917 | D:2      | Reached XP level 3. HP: 20/23 MP: 3/3
  1054 | D:2      | 1054 ||| Stepping ~*~*~tactically~*~*~ (stealth).
  1064 | D:2      | Reached skill level 4 in Axes
  1104 | D:2      | 1104 ||| Stepping ~*~*~tactically~*~*~ (hiding).
  1107 | D:2      | 1107 ||| Stepping ~*~*~tactically~*~*~ (stealth).
  1596 | D:2      | 1596 ||| READING scroll labelled GIOSIW RERHUKA.
  1597 | D:2      | 1597 ||| READING scroll labelled SYHEGA QUSIAN.
  1597 | D:2      | Identified a scroll of acquirement
  1597 | D:2      | 1597 ||| ACQUIRING +3 war axe "Botoas" {vorpal, Dex+2}
  1597 | D:2      | Acquired the +3 war axe "Botoas" {vorpal, Dex+2}
  1599 | D:2      | 1599 ||| SWAPPING to +3 war axe "Botoas" {vorpal, Dex+2}.
  1600 | D:2      | 1600 ||| DROPPING +0 hand axe.
  1601 | D:2      | 1601 ||| DRINKING 2 fuming emerald potions.
  1602 | D:2      | 1602 ||| READING 2 scrolls of identify.
  1602 | D:2      | 1602 ||| IDENTIFYING puce potion
  1603 | D:2      | 1603 ||| DROPPING potion of attraction.
  1615 | D:3      | Found Nayhunnumm's Assorted Antiques.
  1625 | D:3      | 1625 ||| SHOPLISTING glimmering leather armour (154 gold,
                  | have 90).
  1625 | D:3      | 1625 ||| BUYING potion of curing (66 gold).
  1625 | D:3      | Bought a potion of curing for 66 gold pieces
  1625 | D:3      | 1625 ||| SHOPLISTING scroll of identify (44 gold, have 24).
  1685 | D:3      | Reached ** piety under Trog
  1686 | D:3      | Noticed Grinder
  1687 | D:3      | 1687 ||| INVOKING Trog's Hand.
  1690 | D:3      | 1690 ||| INVOKING Berserk.
  1702 | D:3      | HP: 3/23 [constriction (9)]
  1703 | D:3      | 1703 ||| READING 3 scrolls of teleportation.
  1704 | D:3      | Found Apyx's Antique Weapon Emporium.
  1706 | D:3      | 1706 ||| READING 2 scrolls of teleportation.
  1708 | D:3      | 1708 ||| READING scroll of teleportation.
  1715 | D:3      | 1715 ||| Stepping ~*~*~tactically~*~*~ (stealth).
  1756 | D:3      | 1756 ||| Stepping ~*~*~tactically~*~*~ (stealth).
  1768 | D:3      | 1768 ||| Stepping ~*~*~tactically~*~*~ (stealth).
  1770 | D:3      | Found Fimeuc's Magic Scroll Shoppe.
  1771 | D:3      | 1771 ||| INVOKING Berserk.
  1771 | D:3      | HP: 1/34 [constriction (8)]
  1772 | D:3      | Slain by Grinder

Levels and vault maps discovered:
D:1:      dpeg_arrival_windows_large_door, layout_basic,
          ebering_ecumenical_altar_webs, nicolae_kite_square_tiling_tiny
D:2:      layout_basic
D:3:      layout_rooms, serial_shops, shop_scrolls, nicolae_shop_crystal, shop,
          nicolae_shop_stone, nicolae_lakefront_shop, uniq_grinder

Skill      XL: |  1  2  3 |
---------------+----------+-----
Axes           | 3 4 |  4.2
Fighting       | |  3.2
Armour         | |  2.1
Dodging        | |  1.5

Action                   || total
-------------------------++-------
Melee: Hand axe          ||    95
       War axe           ||    17
Invok: Berserk           ||     2
       Trog's Hand       ||     1
  Use: Scroll            ||     9
       Potion            ||     1
Armor: Animal skin       ||    12
       Ring mail         ||    25
Dodge: Dodged            ||    52

Table legend:
 A = Non-vault XP
 B = Vault XP
 C = Vault XP percentage of total XP
 D = Non-vault monster count
 E = Vault monster count
 F = Vault count percentage of total count
                 A         B        C        D         E       F
            +---------+---------+-------+---------+---------+-------
      Total |      77 |       0 |   0.0 |      32 |       0 |   0.0
            +---------+---------+-------+---------+---------+-------
        D:1 |      28 |       0 |   0.0 |      16 |       0 |   0.0
        D:2 |      38 |       0 |   0.0 |      10 |       0 |   0.0
        D:3 |      11 |       0 |   0.0 |       6 |       0 |   0.0
            +---------+---------+-------+---------+---------+-------
